 Dungeon Crawl Stone Soup version 0.19.4-9-g45fd643 (webtiles) character file.

248 Rrauwl the Skirmisher (level 6, 0/42 HPs)
             Began as a Gargoyle Abyssal Knight on Feb 20, 2017.
             Was a Priest of Lugonu.
             Slain by Invaser777's ghost (3 damage)
             ... on level 4 of the Dungeon.
             The game lasted 00:13:54 (2358 turns).

Rrauwl the Skirmisher (Gargoyle Abyssal Knight)     Turns: 2358, Time: 00:13:54

Health: 0/42       AC: 17    Str: 20    XL:     6   Next: 12%
Magic:  8/8        EV: 11    Int: 13    God:    Lugonu [***...]
Gold:   206        SH:  0    Dex: 10    Spells: 0 memorised, 5 levels left

rFire  . . .     SeeInvis .     o - -2 mace (curse)
rCold  . . .     Gourm    .     m - +0 leather armour (curse)
rNeg   + . .     Faith    .     (no shield)
rPois  ∞         Spirit   .     j - +0 helmet
rElec  +         Reflect  .     (no cloak)
rCorr  .         Harm     .     q - +0 pair of gloves
MR     .....                    p - +0 pair of boots
Stlth  ++........               (no amulet)
                                k - +4 ring of strength
                                n - +6 ring of protection

@: no status effects
A: negative energy resistance 1, robust 1, electricity resistance, unbreathing,
petrification resistance, rot immunity, AC +4
a: Depart the Abyss, Bend Space, Banish, Renounce Religion


You were on level 4 of the Dungeon.
You worshipped Lugonu.
Lugonu was most pleased with you.
You were not hungry.

You visited 1 branch of the dungeon, and saw 4 of its levels.
You visited the Abyss 1 time.

You collected 206 gold pieces.

Inventory:

Hand Weapons
 a - a +1 mace
 o - a cursed -2 mace (weapon)
Armour
 d - a +2 ring mail of magic resistance
 j - a +0 helmet (worn)
 m - a cursed +0 leather armour (worn)
 p - a +0 pair of boots (worn)
 q - a +0 pair of gloves (worn)
 t - a cursed +0 ring mail
Jewellery
 e - an uncursed ring of positive energy
 k - a +4 ring of strength (right hand)
 n - a +6 ring of protection (left hand)
Scrolls
 b - a scroll of teleportation
 h - 3 scrolls of noise
 l - a scroll of fear
 r - a scroll of magic mapping
 s - 2 scrolls of identify
Potions
 i - a potion of flight
Comestibles
 c - 4 bread rations
 f - a meat ration


   Skills:
 + Level 4.6 Fighting
 + Level 3.0 Maces & Flails
 + Level 3.3 Armour
 + Level 1.5 Dodging
 + Level 2.6 Stealth
 - Level 3.0 Invocations


You had 5 spell levels left.
You didn't know any spells.

Dungeon Overview and Level Annotations

Branches:
Dungeon (4/15)
 Temple: D:4-7

Altars:

Annotations:
D:4 Invaser777's ghost, amateur DrFi


Innate Abilities, Weirdness & Mutations

You are resistant to torment.
Your stone body is resilient. (AC +4)
You are immune to poison.
You resist negative energy. (rN+)
You are resistant to electric shocks. (rElec)
You can survive without breathing.
You are immune to petrification.
You are immune to rotting.
You are robust. (+10% HP)


Message History

Invaser777's ghost hits you but does no damage.
You hit Invaser777's ghost but do no damage.
Invaser777's ghost is moderately damaged.
Invaser777's ghost barely misses you.
You hit Invaser777's ghost but do no damage.
Invaser777's ghost is moderately damaged.
Invaser777's ghost hits you.
* * * LOW HITPOINT WARNING * * *
Invaser777's ghost hits you but does no damage.
You barely miss Invaser777's ghost.
Invaser777's ghost is moderately damaged.
Invaser777's ghost wails, "What do you have that I didn't have?"
Invaser777's ghost hits you but does no damage.
You hit Invaser777's ghost.
Invaser777's ghost is heavily damaged.
Invaser777's ghost hits you but does no damage.
You hit Invaser777's ghost.
Invaser777's ghost is heavily damaged.
Invaser777's ghost hits you.
You die...

# # ### ..# #.#
#.# # #.#
#####.##.#. #.#
### #.W.†......
#.# #..
#@###.##.#. #.#
#.# #.# # #.# #.#
#.# #.# #.# #.#
#.#####.######.#.#
...............#.#
#.#####.######.#.#
#..............#.#
#######.######.#.#


You could see Invaser777's ghost.

Vanquished Creatures
  A scorpion (D:4)
  An orc wizard (D:3)
  A hound skeleton (D:4)
  4 adders
  An ufetubus (D:1)
  5 worms
  A dart slug (D:1)
  8 leopard geckos
  7 orcs
  9 bats
  6 giant cockroaches
  6 goblins
  11 hobgoblins
  2 jackals (D:1)
  A quokka (D:2)
  3 ball pythons
  6 frilled lizards
  4 kobolds (D:2)
  11 rats
88 creatures vanquished.

Notes
Turn   | Place    | Note
-------+----------+-------------------------------------------
     0 | Abyss:1  | Rrauwl the Gargoyle Abyssal Knight began the quest for the Orb.
     0 | Abyss:1  | Reached XP level 1. HP: 14/14 MP: 2/2
    30 | D:1      | Escaped the Abyss
    50 | D:1      | Reached XP level 2. HP: 19/19 MP: 3/3
   103 | D:1      | Gained mutation: Your spells are a little harder to cast, but a little more powerful. [potion of mutation]
   103 | D:1      | Gained mutation: You are partially covered in slimy green scales. (AC +2) [potion of mutation]
   103 | D:1      | Gained mutation: You have a pair of small horns on your head. [potion of mutation]
   235 | D:1      | Reached skill level 1 in Dodging
   294 | D:1      | Reached XP level 3. HP: 23/23 MP: 4/4
   299 | D:1      | Reached ** piety under Lugonu
   513 | D:1      | Reached skill level 1 in Stealth
   666 | D:2      | Gained mutation: You are robust. (+10% HP) [potion of beneficial mutation]
   923 | D:2      | Reached XP level 4. HP: 24/31 MP: 4/6
  1125 | D:2      | Lost mutation: Your spells are a little harder to cast, but a little more powerful. [potion of cure mutation]
  1125 | D:2      | Lost mutation: You are partially covered in slimy green scales. (AC +2) [potion of cure mutation]
  1125 | D:2      | Lost mutation: You have a pair of small horns on your head. [potion of cure mutation]
  1431 | D:2      | Reached skill level 4 in Fighting
  1573 | D:3      | Reached *** piety under Lugonu
  1638 | D:3      | Reached XP level 5. HP: 23/36 MP: 7/7
  2328 | D:4      | Reached XP level 6. HP: 26/42 MP: 8/8
  2330 | D:4      | Noticed Invaser777's ghost (amateur DrFi)
  2355 | D:4      | HP: 2/42 [Invaser777's ghost (4)]
  2358 | D:4      | Slain by Invaser777's ghost

Skill      XL: |  1  2  3  4  5 |
---------------+----------------+-----
Dodging        | 1 |  1.5
Stealth        | 1 2 |  2.6
Fighting       | 4 |  4.6
Invocations    | 3 |  3.0
Armour         | 3 |  3.3
Maces & Flails | 3 |  3.0

Action                   |  1- 3 |  4- 6 || total
-------------------------+-------+-------++-------
Melee: Mace              |   106 |   242 ||   348
       Headbutt          |     9 |     2 ||    11
Invok: Bend Space        |       |     1 ||     1
  Use: Scroll            |     4 |     6 ||    10
       Potion            |     3 |     4 ||     7
 Stab: Sleeping          |       |     4 ||     4
       Distracted        |       |     1 ||     1
  Eat: Chunk             |       |     4 ||     4
       Pizza             |       |     1 ||     1
Armor: Ring mail         |    59 |    21 ||    80
       Leather armour    |       |   111 ||   111
Dodge: Dodged            |    79 |   125 ||   204
